 Dungeon Crawl Stone Soup version 0.27-a0-1188-g73eefd5def (webtiles) character file.

Game seed: 9724905342710802767

65 spiderkeys the Poker (level 4, 0/37 HPs)
             Began as a Merfolk Abyssal Knight on May 20, 2021.
             Was a Follower of Lugonu.
             Splashed by a jelly's acid (7 damage)
             ... on level 3 of the Dungeon.
             The game lasted 00:03:38 (2465 turns).

spiderkeys the Poker (Merfolk Abyssal Knight)       Turns: 2465, Time: 00:03:39

Health: 0/37       AC:  5    Str: 13    XL:     4   Next: 13%
Magic:  6/6        EV: 12    Int: 11    God:    Lugonu [*.....]
Gold:   114        SH:  5    Dex: 13    Spells: 3/3 levels left

rFire    . . .     SeeInvis +   a - +1 spear
rCold    . . .     Faith    .   (no shield)
rNeg     . . .     Spirit   .   b - +0 leather armour
rPois    .         Reflect  +   (no helmet)
rElec    .         Harm     .   (no cloak)
rCorr    .         Rampage  .   (no gloves)
Will     .....                  l - +1 pair of boots
Stlth    +.........             f - amulet of reflection
HPRegen  0.12/turn              v - ring of see invisible
MPRegen  0.10/turn              (no ring)

@: very slightly contaminated, invisible
A: (nimble swimmer 2), mertail
a: Renounce Religion, Depart the Abyss


You were on level 3 of the Dungeon.
You worshipped Lugonu.
Lugonu was aware of your devotion.
You visited 1 branch of the dungeon, and saw 3 of its levels.
You visited the Abyss 1 time.

You collected 114 gold pieces.


Innate Abilities, Weirdness & Mutations

((You are quick and stealthy near water. (Stealth+, EV+, Speed+++)))
Your lower body shifts to a powerful aquatic tail in water.


   Skills:
 + Level 3.8 Fighting
 + Level 4.0 Polearms
 - Level 0.6 Armour
 + Level 3.7 Dodging
 + Level 2.9 Invocations


You had 3 spell levels left.
You didn't know any spells.
Your spell library contained the following spells:

 Spells                   Type           Power      Damage    Failure   Level
 Ice Form                 Ice/Tmut       0%         N/A       99%         4
 Summon Ice Beast         Ice/Summ       0%         N/A       99%         4
 Freezing Cloud           Conj/Ice/Air   0%         6-21      100%        6
 Simulacrum               Ice/Necr       0%         N/A       100%        6
 Ozocubu's Refrigeration  Ice            0%         4d5       100%        7

Inventory:

Hand Weapons
 a - a +1 spear (weapon)
Missiles
 c - 8 atropa-tipped darts
 i - 27 stones
 m - 18 bolts
 n - 43 sling bullets
 o - 21 arrows
Armour
 b - a +0 leather armour (worn)
 l - a +1 pair of boots (worn)
   (You found it on level 2 of the Dungeon)
Jewellery
 f - an amulet of reflection (around neck)
   (You found it on level 2 of the Abyss)
 v - a ring of see invisible (left hand)
   (You found it on level 1 of the Dungeon)
 T - an amulet of faith {!P}
   (You found it on level 1 of the Dungeon)
Potions
 d - a potion of flight
 e - a potion of magic
 g - 2 potions of curing {@q1}
 h - a potion of mutation {!q}

Dungeon Overview and Level Annotations

Branches:
Dungeon (3/15)

Altars:

Shops:
D:2

[ #.# #.# #.#.######.##.#.# #.#
#)# #.#.....#...#.#.# #.# #.#
#.###...........# #.# #.####
#.###...........#
#.########()######............#
........#....##..##...........#
###.#####.J.w'†J.b#...........#
# #.##..##..##.JJb###.#...#.###
# #.#....'#####h@## #.#####.# #
#.#....##!([##h# ### #.# #
#.##..##.....##. .# #
#.##'##.......+.. #
###..##...8...##.. .
#....Jh......# +##
#....##.....## ##.$#+##[/(##
#### #####


You could see a hound, a jelly, a dart slug, 2 endoplasms, a jackal and 2 bats.


Message History

You take 5 damage, and now have 11/37 hp.
You block the bat's attack. The hound bites you but does no damage.
There is an open door here.
A goblin comes into view. It is wielding a +0 club.
The bat hits you.
* * * LOW HITPOINT WARNING * * *
You block the dart slug's attack.
The goblin shouts! 😨 HP[-1]
You take 1 damage, and now have 10/37 hp.
The dart slug closely misses you. You block the bat's attack.
The bat hits you but does no damage.
You open the door.
A bat and a ball python come into view.
The ball python hisses angrily.
The bat hits you but does no damage. x2; You block the dart slug's attack.
You hit the bat but do no damage. You block the bat's attack.
The bat hits you but does no damage. The bat hits you.
* * * LOW HITPOINT WARNING * * *
The goblin hits you but does no damage. The dart slug completely misses you.
The bat misses you. The bat barely misses you. You block the bat's attack.
The ball python completely misses you. The ball python grabs you.
The ball python constricts you. You block the ball python's attack.
The ball python constricts you.
There is an open door here.
You aren't carrying any scrolls.
It was a potion of invisibility.
You fade into invisibility!
The bat hits you.
* * * LOW HITPOINT WARNING * * *
The goblin barely misses you. You block the hound's attack.
The ball python bites you.
* * * LOW HITPOINT WARNING * * *
The ball python constricts you.
You are very lightly contaminated with residual magic. 😱 HP[-3]
You take 3 damage, and now have 7/37 hp.
You feel better. The bat hits you but does no damage.
The goblin hits you with a +0 club.
* * * LOW HITPOINT WARNING * * *
The bat barely misses you. The hound bites you but does no damage.
The ball python barely misses you.
The ball python constricts you. 😨 HP[+8]
You regained 8 hp, and now have 15/37 hp.
You closely miss the ball python. You block the bat's attack.
The hound bites you but does no damage. The goblin hits you but does no damage.
The ball python bites you but does no damage.
The ball python constricts you. You block the hound's attack.
You hit the ball python.
You kill the ball python!
Lugonu accepts your kill. The bat hits you but does no damage.
The goblin misses you.
The dart slug launches a dart at the goblin.
The slug dart hits the goblin.
The goblin dies!
You block the hound's attack. The bat hits you.
* * * LOW HITPOINT WARNING * * *
The bat hits you but does no damage.
You see here a ball python corpse. 😨 HP[-1]
You take 1 damage, and now have 14/37 hp.
The bat misses you. The bat barely misses you. The bat barely misses you.
The bat hits you but does no damage. 😨 HP[+1]
You open the door. The bat barely misses you. The hound closely misses you.
You block the bat's attack.
You closely miss the hound. You block the bat's attack.
The jackal bites you but does no damage.
The bat closely misses you. The hound closely misses you.
You hit the hound. The bat hits you but does no damage.
The bat closely misses you. The hound bites you.
* * * LOW HITPOINT WARNING * * *
The jackal misses you. 😨 HP[-2]
You take 2 damage, and now have 13/37 hp.
You puncture the hound! The hound closely misses you.
The bat closely misses you. You block the jackal's attack.
The jelly barely misses you. The bat hits you but does no damage.
The hound closely misses you.
You hit the hound. The bat hits you.
* * * LOW HITPOINT WARNING * * *
The bat hits you but does no damage. The bat misses you.
You block the hound's attack. The jelly barely misses you. 😨 HP[-1]
You take 1 damage, and now have 12/37 hp.
You closely miss the hound. You block the bat's attack.
The jackal closely misses you. You block the hound's attack.
The endoplasm hits you.
* * * LOW HITPOINT WARNING * * *
The dart slug launches a dart at you.
The slug dart hits the endoplasm.
The jackal misses you. 😱 HP[-3]
You take 3 damage, and now have 9/37 hp.
You closely miss the hound. You block the bat's attack.
The hound barely misses you. The jelly hits you.
* * * LOW HITPOINT WARNING * * *
You are splashed with acid!
You die...

Skill      XL: |  1  2  3 |
---------------+----------+-----
Dodging        | 3 |  3.7
Polearms       | 4 |  4.0
Fighting       | |  3.8
Armour         | |  0.6
Invocations    | |  2.9

Action                   |  1- 3 |  4- 6 || total
-------------------------+-------+-------++-------
Melee: Spear             |   159 |    10 ||   169
       Tailslap          |     1 |       ||     1
Invok: Depart the Abyss  |     1 |       ||     1
  Use: Scroll            |     5 |     3 ||     8
       Potion            |       |     2 ||     2
 Stab: Sleeping          |     1 |       ||     1
Armor: Leather armour    |    30 |    22 ||    52
Dodge: Dodged            |    67 |    30 ||    97
Block: Other             |    23 |    25 ||    48
       Reflection        |     1 |       ||     1

Levels and vault maps discovered:
D:1:      dpeg_arrival_triangle_fractal, layout_loops_ring
D:2:      layout_basic, ebering_ecumenical_altar_box, serial_shops,
          nicolae_shop_waterfront
D:3:      minmay_bubble_buster, layout_loops_ring, minivault_23

Notes
Turn   | Place    | Note
-------+----------+-------------------------------------------
     0 | Abyss:1  | spiderkeys the Merfolk Abyssal Knight began the quest for
                  | the Orb.
     0 | Abyss:1  | Reached XP level 1. HP: 18/18 MP: 2/2
     0 | Abyss:1  | magus.rc [v1.9.10]
    67 | Abyss:2  | You pick up a book of Ice and begin reading...
    67 | Abyss:2  | You add the spells Ice Form, Summon Ice Beast, Freezing
                  | Cloud, Simulacrum and Ozocubu's Refrigeration to your
                  | library.
    86 | Abyss:2  | Noticed a large abomination
    96 | Abyss:2  | Noticed an ancient zyme
    99 | Abyss:2  | HP: 3/18 [ancient zyme (4)]
   100 | D:1      | You pass through the gate.
   100 | D:1      | Escaped the Abyss
   578 | D:1      | Reached skill level 3 in Dodging
   578 | D:1      | Reached XP level 2. HP: 8/24 MP: 3/3
  1037 | D:1      | Reached XP level 3. HP: 26/29 MP: 4/4
  1120 | D:1      | Reached * piety under Lugonu
  1529 | D:2      | Found Xoneis's Antique Armour Shop.
  2052 | D:2      | Found a faded altar of an unknown god.
  2238 | D:3      | Reached skill level 4 in Polearms
  2238 | D:3      | Reached XP level 4. HP: 19/37 MP: 6/6
  2452 | D:3      | HP: 9/37 [bat (1)]
  2464 | D:3      | HP: 9/37 [endoplasm (3)]
  2465 | D:3      | Splashed by a jelly's acid

Vanquished Creatures
  A gnoll (D:1)
  An adder (D:3)
  4 dart slugs
  4 ball pythons
  3 endoplasms
  2 giant cockroaches (D:2)
  3 goblins
  2 hobgoblins
  2 jackals (D:1)
  2 quokkas (D:2)
  4 bats
  4 kobolds
  4 rats
36 creatures vanquished.

Vanquished Creatures (others)
  A goblin (D:3)
1 creature vanquished.

Grand Total: 37 creatures vanquished

Table legend:
 A = Non-vault XP
 B = Vault XP
 C = Vault XP percentage of total XP
 D = Non-vault monster count
 E = Vault monster count
 F = Vault count percentage of total count
                 A         B        C        D         E       F
            +---------+---------+-------+---------+---------+-------
      Total |      92 |       1 |   1.1 |      35 |       1 |   2.8
            +---------+---------+-------+---------+---------+-------
        D:1 |      51 |       0 |   0.0 |      20 |       0 |   0.0
        D:2 |      26 |       0 |   0.0 |      13 |       0 |   0.0
        D:3 |      15 |       1 |   6.2 |       2 |       1 |  33.3
            +---------+---------+-------+---------+---------+-------

Illustrated notes

Table legend:
 A = Kills in this place as a percentage of kills in entire the game.
 B = Kills by you in this place as a percentage of kills by you in the entire game.
 C = Kills by friends in this place as a percentage of kills by friends in the entire game.
 D = Other kills in this place as a percentage of other kills in the entire game.
 E = Experience gained in this place as a percentage of experience gained in the entire game.
 F = Experience gained in this place divided by the number of levels of this place that you have seen.
                   A       B       C       D       E      F
               +-------+-------+-------+-------+-------+----------------------
         Total | 100.0 | 100.0 |   N/A |   N/A | 100.0 |  18.6
       Dungeon | 100.0 | 100.0 |   N/A |   N/A | 100.0 |  31.0
               +-------+-------+-------+-------+-------+----------------------

Table legend: (Time is in decaauts)
 A = Elapsed time spent in this place.
 B = Non-inter-level travel time spent in this place.
 C = Inter-level travel time spent in this place.
 D = Time resting spent in this place.
 E = Time spent auto-exploring this place.
 F = Levels seen in this place.
 G = Mean time per level.
                   A        B        C        D        E       F      G
               +--------+--------+--------+--------+--------+-----+--------+
         Total |   2445 |   2369 |     76 |    233 |   1762 |   5 |  489.0 |
       Dungeon |   2345 |   2269 |     76 |    233 |   1710 |   3 |  781.7 |
         Abyss |     99 |     99 |      0 |      0 |     52 |   2 |   49.5 |
               +--------+--------+--------+--------+--------+-----+--------+

Top non-repeatable levels by time:
     D:1: 1394 daAuts
     D:2: 613 daAuts
     D:3: 337 daAuts
 Abyss:2: 61 daAuts
 Abyss:1: 38 daAuts
